 Dungeon Crawl Stone Soup version 0.26.1-15-g04117e645d (webtiles) character file.

Game seed: 1594127488969944644

79 suipiss the Grave Robber (level 4, -7/30 HPs)
             Began as a Mummy Necromancer on Dec 29, 2022.
             Mangled by an orc
             ... wielding a +0 morningstar
              (12 damage)
             ... on level 3 of the Dungeon.
             The game lasted 00:04:09 (2603 turns).

suipiss the Grave Robber (Mummy Necromancer)        Turns: 2603, Time: 00:04:09

Health: -7/30      AC:  2    Str: 11    XL:     4   Next: 17%
Magic:  2/9        EV: 12    Int: 15    God:
Gold:   105        SH:  0    Dex: 12    Spells: 5/10 levels left

rFire    x . .     SeeInvis +   f - +0 whip
rCold    + . .     Faith    .   (no shield)
rNeg     + + +     Spirit   .   a - +0 robe
rPois    ∞         Reflect  .   (no helmet)
rElec    .         Harm     .   (no cloak)
rCorr    .         Rampage  .   (no gloves)
Will     .....                  (no boots)
Stlth    ++........             e - amulet of magic regeneration
HPRegen  0.10/turn              j - ring of see invisible
MPRegen  0.36/turn              (no ring)

@: no status effects
A: no potions, fire vulnerability, cold resistance 1, negative energy resistance
3, torment resistance, unbreathing
a: no special abilities


You were on level 3 of the Dungeon.
You visited 1 branch of the dungeon, and saw 3 of its levels.

You collected 105 gold pieces.

Inventory:

Hand Weapons
 f - a +0 whip (weapon)
Armour
 a - a +0 robe (worn)
Jewellery
 e - an amulet of magic regeneration (around neck)
 j - a ring of see invisible (left hand)
Scrolls
 b - a scroll of teleportation {unknown}
 c - a scroll of random uselessness {unknown}
 d - a scroll of fog {unknown}
 g - a scroll of noise {unknown}
 h - a scroll of identify {unknown}
 i - a scroll of magic mapping {unknown}


   Skills:
 + Level 1.1 Armour
 + Level 2.0 Dodging
 - Level 1.5 Stealth
 + Level 0.2 Shields
 * Level 3.8 Spellcasting
 * Level 4.5 Necromancy


You had 5 spell levels left.
You knew the following spells:

 Your Spells              Type           Power        Failure   Level
a - Pain                  Necr           64%          2%          1
b - Animate Skeleton      Necr           32%          2%          1
c - Vampiric Draining     Necr           8%           9%          3

Your spell library contained the following spells:

 Spells                   Type           Power        Failure   Level
 Animate Dead             Necr           8%           28%         4
 Agony                    Necr           16%          61%         5


Dungeon Overview and Level Annotations

Branches:
Dungeon (3/15)

Altars:


Innate Abilities, Weirdness & Mutations

You do not drink.
Your flesh is vulnerable to fire.
You are immune to poison.
Your flesh is cold resistant. (rC+)
You are immune to negative energy. (rN+++)
You are immune to unholy pain and torment.
You can survive without breathing.


Message History

The weapon returns to the orc!
The orc hits you with a +0 morningstar!
* * * LOW HITPOINT WARNING * * *
You are too injured to fight recklessly!
Casting: Vampiric Draining (quite dangerous; 9% risk of failure)
Confirm with . or Enter, or press ? or * to list all spells.
Aiming: Vampiric Draining (quite dangerous; 9% risk of failure)
Press: ? - help, Shift-Dir - straight line, f - orc
Aim: an orc, wielding a +0 morningstar, wearing a +0 scale mail and quivering 3 silver boomerangs The orc is heavily wounded.
You feel life coursing into your body. The orc misses you.
Casting: Vampiric Draining (quite dangerous; 9% risk of failure)
Confirm with . or Enter, or press ? or * to list all spells.
You don't have enough magic to cast that spell.
Unknown command.
You aren't carrying any items that you can evoke.
You hit the orc but do no damage.
The orc is heavily wounded.
The orc hits you with a +0 morningstar!
You die...

..#.. ... # #.#.#
... .##(#.####.###
............
#........###
#...........
#.......# #....@o.#
#####.......+
#...#.......#
#...).....###
+...).....#
#....##########+###
#....#...#<#......#
####.#<#.#.#......#
#.###.#.#......+


You could see an orc.

Vanquished Creatures
  A worker ant (D:2)
  2 worms
  2 dart slugs
  3 leopard geckos
  5 giant cockroaches
  6 goblins
  7 hobgoblins
  4 kobolds
  A quokka (D:2)
  4 bats
  A frilled lizard (D:1)
  4 rats
40 creatures vanquished.

Notes
Turn   | Place    | Note
-------+----------+-------------------------------------------
     0 | D:1      | suipiss the Mummy Necromancer began the quest for the Orb.
     0 | D:1      | Reached XP level 1. HP: 13/13 MP: 4/4
   169 | D:1      | Reached XP level 2. HP: 15/19 MP: 0/6
   171 | D:1      | Learned a level 1 spell: Animate Skeleton
  1505 | D:3      | Reached XP level 3. HP: 24/24 MP: 4/7
  1509 | D:3      | Learned a level 3 spell: Vampiric Draining
  1846 | D:2      | Reached skill level 1 in Armour
  2209 | D:2      | Reached XP level 4. HP: 19/30 MP: 6/9
  2603 | D:3      | Mangled by an orc

Illustrated notes

Levels and vault maps discovered:
D:1:      scummos_arrival_forest, layout_rooms
D:2:      layout_rooms
D:3:      layout_basic, uniq_natasha, uniq_grinder

Skill      XL: |  1  2  3 |
---------------+----------+-----
Spellcasting   | 3 |  3.8
Armour         | 1 |  1.1
Dodging        | 2 |  2.0
Stealth        | |  1.5
Shields        | |  0.2
Necromancy     | |  4.5

Action                   |  1- 3 |  4- 6 || total
-------------------------+-------+-------++-------
Melee: Unarmed           |     4 |       ||     4
       Whip              |    74 |    27 ||   101
       Club              |    12 |       ||    12
 Cast: Pain              |    40 |       ||    40
       Vampiric Draining |     7 |     4 ||    11
Armor: Robe              |    21 |     8 ||    29
Dodge: Dodged            |    65 |    24 ||    89
